 Dungeon Crawl Stone Soup version 0.28-a0-1002-gf00fe891ef (webtiles) character file.

Game seed: 16631660683231823925

12555 ders the Geomancer (level 11, -1/54 HPs)
             Began as a Gargoyle Earth Elementalist on Dec 6, 2021.
             Was a Believer of Vehumet.
             Shot with an arrow by a centaur warrior (16 damage)
             ... on level 9 of the Dungeon.
             The game lasted 00:16:52 (12941 turns).

ders the Geomancer (Gargoyle Earth Elementalist)   Turns: 12941, Time: 00:16:53

Health: -1/54      AC: 14    Str: 13    XL:     11   Next: 95%
Magic:  3/25       EV: 12    Int: 25    God:    Vehumet [**....]
Gold:   316        SH:  0    Dex: 16    Spells: 17/30 levels left

rFire   . . .      SeeInvis +   e - staff of conjuration
rCold   . . .      Faith    .   (no shield)
rNeg    + . .      Spirit   .   b - +0 robe
rPois   ∞          Reflect  .   q - +1 helmet {SInv}
rElec   +          Harm     .   (no cloak)
rCorr   .          Rampage  .   i - +1 pair of gloves
Will    .....                   (no boots)
Stlth   ++........              (no amulet)
HPRegen 0.18/turn               a - +6 ring of dexterity
MPRegen 0.19/turn               w - +6 ring of intelligence

@: no status effects
A: sickness immunity, AC +8, negative energy resistance 1, electricity
resistance, torment resistance 1, petrification resistance
a: Renounce Religion


You were on level 9 of the Dungeon.
You worshipped Vehumet.
Vehumet was pleased with you.
You visited 2 branches of the dungeon, and saw 10 of its levels.
You also visited: Bailey.

You collected 708 gold pieces.
You spent 392 gold pieces at shops.

Inventory:

Hand Weapons
 m - a +2 dagger of venom
Missiles
 c - 271 stones
 v - 3 throwing nets
Armour
 b - a +0 robe (worn)
 h - +0 steam dragon scales
 i - a +1 pair of gloves (worn)
 n - the +13 crystal plate armour "Tuahos" {rC+ Will+ Stlth-}
   (You found it in a bailey)

   rC:        It protects you from cold.
   Will:      It increases your willpower.
   Stlth:     It makes you less stealthy.
 p - a +2 helmet
 q - a +1 helmet of see invisible (worn)
Magical Staves
 e - a staff of conjuration (weapon)
Jewellery
 a - a +6 ring of dexterity (left hand)
 w - a +6 ring of intelligence (right hand)
 x - a ring of positive energy
Wands
 o - a wand of iceblast (18)
 y - a wand of acid (7)
Scrolls
 d - a scroll of teleportation
 f - 2 scrolls of magic mapping
 u - 3 scrolls of identify
 D - 2 scrolls of torment
 F - 2 scrolls of amnesia
Potions
 j - a potion of curing
 k - 2 potions of attraction
 l - a potion of flight
 r - a potion of might
 s - 2 potions of haste
 t - 6 potions of heal wounds
 z - 2 potions of invisibility
 B - 2 potions of berserk rage
 C - 2 potions of mutation
Miscellaneous
 g - a piece from Xom's chessboard (15/15)


   Skills:
 - Level 1.5 Dodging
 - Level 2.1 Stealth
 + Level 10.2 Spellcasting
 + Level 11.8 Conjurations
 - Level 0.7 Transmutations
 + Level 13.3 Earth Magic


You had 17 spell levels left.
You knew the following spells:

 Your Spells              Type           Power      Damage    Failure   Level
a - Sandblast             Erth           100%       2d20      1%          1
b - Stone Arrow           Conj/Erth      100%       3d13      1%          3
c - Swiftness             Air            12%        N/A       14%         3
d - Iron Shot             Conj/Erth      42%        9d8       4%          6

Your spell library contained the following spells:

 Spells                   Type           Power      Damage    Failure   Level
 Poisonous Vapours        Pois/Air       24%        N/A       8%          2
 Shock                    Conj/Air       100%       1d9       1%          1
 Passwall                 Tmut/Erth      40%        N/A       1%          2
 Static Discharge         Conj/Air       59%        N/A       1%          2
 Conjure Flame            Conj/Fire      59%        6-21      1%          3
 Dazzling Flash           Conj/Hex       100%       N/A       1%          3
 Mephitic Cloud           Conj/Pois/Air  48%        N/A       2%          3
 Petrify                  Tmut/Erth      48%        N/A       2%          4
 Scorch                   Fire           24%        2d6       8%          2
 Ignite Poison            Fire/Tmut/Pois 14%        N/A       13%         3
 Freezing Cloud           Conj/Ice/Air   24%        6-21      26%         5
 Airstrike                Air            6%         N/A       43%         4


Dungeon Overview and Level Annotations

Branches:
Dungeon (9/15)             Temple (1/1) D:6            Lair (0/6) D:9
 Bailey (visited)
    Orc: D:9-12

Altars:
Ashenzari
Cheibriados
Dithmenos
Elyvilon
Fedhas
Gozag
Hepliaklqana
Kikubaaqudgha
Makhleb
Nemelex Xobeh
Okawaru
Qazlal
Ru
Sif Muna
Trog
Uskayaw
Vehumet
Wu Jian
Xom
Yredelemnul
Zin
The Shining One

Shops:
D:9 :

Annotations:
D:3 3 runed translucent doors, siradein's ghost, amateur HOFi


Innate Abilities, Weirdness & Mutations

You are immune to sickness and miasma.
Your stone body is resilient. (AC +8)
You are immune to poison.
You resist negative energy. (rN+)
You are resistant to electric shocks. (rElec)
You are resistant to unholy torment.
You are immune to petrification.


Message History

Confirm with . or Enter, or press ? or * to list all spells.
Aiming: Stone Arrow (safe; 1% risk of failure)
Press: ? - help, Shift-Dir - straight line, f/p - howler monkey
Aim: a howler monkey (severely wounded, catching its breath, 75% to hit)
You feel a surge of power!
The stone arrow misses the howler monkey.
The howler monkey misses you.
Unknown command.
Casting: Stone Arrow (safe; 1% risk of failure)
Confirm with . or Enter, or press ? or * to list all spells.
You don't have enough magic to cast this spell.
A howler monkey is nearby!
Casting: Stone Arrow (safe; 1% risk of failure)
Confirm with . or Enter, or press ? or * to list all spells.
Aiming: Sandblast (safe; 1% risk of failure)
Press: ? - help, Shift-Dir - straight line, f/p - howler monkey
Aim: a howler monkey (severely wounded, catching its breath, 82% to hit)
The blast of sand misses the howler monkey.
The howler monkey hits you.
Unknown command.
Casting: Sandblast (safe; 1% risk of failure)
Confirm with . or Enter, or press ? or * to list all spells.
You don't have enough magic to cast this spell.
Casting: Sandblast (safe; 1% risk of failure)
Confirm with . or Enter, or press ? or * to list all spells.
You don't have enough magic to cast this spell.
You hit the howler monkey.
You blast the howler monkey!
You kill the howler monkey!
Vehumet accepts your kill.
You feel your power returning.
Items here: ) [ ††.
You start resting.
A centaur warrior comes into view.
The centaur warrior wields a +0 longbow.
The centaur warrior shoots an arrow.
The arrow hits you!!
* * * LOW HITPOINT WARNING * * *
You hear a roar!
x - a ring of positive energy The centaur warrior shoots an arrow.
The arrow hits you!
You die...

'.....P....................#.#,,,
#.......P....................#,,,
..##.........................#,,,
..##...............[...........,,
...###..#######################**
.....#..#♣♣.♣♣ ♣♣♣...(..,,,****,,
.....#..#♣)..♣♣♣..♣***.♣♣♣*,,***,
.....#..........♣♣♣,,,≈..,***,,,*
...###..#♣...♣♣♣@.♣♣♣♣.♣♣♣♣..***,
........#♣♣.♣♣ ♣♣♣...c)....♣***,,
....#...# ### ####♣.♣#### ***
.......## *,* *******.♣****** **
.......# *,* *,,,,,,♣.,,,,,***,
.......# **,** *,≈,,,**#.,,≈,**,≈
...)...# *,,,* *,,,,,*,*..,,,***,
......<##*,,,***,,,,,*,*,..,,* **
........#,,,,,**,,,,,,,,,..c,***,


You could see a centaur warrior.

Vanquished Creatures
  Harold (D:8)
  A boulder beetle (D:9)
  A two-headed ogre (D:9)
  The ghost of Atlas the Thaumaturge, a journeyman DjFE (D:8)
  2 orc knights (Bailey)
  An ugly thing (D:7)
  Maurice (D:8)
  Joseph (D:8)
  A gargoyle (D:7)
  A centaur zombie (D:7)
  Maggie (D:9)
  Psyche (D:9)
  A komodo dragon (D:9)
  2 trolls (D:9)
  4 slime creatures (D:9)
  A vampire (D:9)
  6 yaks
  2 wyverns
  7 orc warriors
  3 ice beasts
  A black bear (D:9)
  2 sky beasts
  A necrophage (D:6)
  2 phantoms
  5 centaurs
  3 kobold brigands (D:6)
  4 bullfrogs
  6 scorpions
  A water moccasin skeleton (D:5)
  3 electric eels (D:6)
  3 howler monkeys
  A bullfrog zombie (D:7)
  5 jellies
  4 hounds
  4 orc priests
  A bullfrog skeleton (D:6)
  Ijyb (D:5)
  4 iguanas
  4 orc wizards
  A howler monkey zombie (D:8)
  17 gnolls
  2 howler monkey skeletons
  7 adders
  2 ufetubi
  An adder skeleton (D:4)
  A worm (D:2)
  6 dart slugs
  39 orcs
  9 endoplasms
  A giant cockroach (D:1)
  5 hobgoblins
  10 jackals
  4 quokkas
  7 ball pythons
  3 bats
  3 frilled lizards
  10 goblins
  50 kobolds
  10 rats
  A spectral orc (D:4)
283 creatures vanquished.

Vanquished Creatures (others)
  A water moccasin (D:9)
  4 fungi (D:9)
  32 plants (D:9)
37 creatures vanquished.

Grand Total: 320 creatures vanquished

Notes
Turn   | Place    | Note
-------+----------+-------------------------------------------
     0 | D:1      | ders the Gargoyle Earth Elementalist began the quest for
                  | the Orb.
     0 | D:1      | Reached XP level 1. HP: 10/10 MP: 3/3
   111 | D:1      | Reached XP level 2. HP: 15/15 MP: 0/5
   256 | D:1      | Reached skill level 1 in Conjurations
   279 | D:1      | Reached skill level 4 in Earth Magic
   731 | D:1      | You fall into a shaft and drop 1 floor!
   735 | D:2      | Reached XP level 3. HP: 19/19 MP: 4/6
  1225 | D:2      | Reached XP level 4. HP: 22/24 MP: 5/8
  2117 | D:3      | Found a runed translucent gate.
  2117 | D:3      | Found a runed translucent gate.
  2118 | D:3      | Found a runed translucent gate.
  2120 | D:3      | Noticed siradein's ghost (amateur HOFi)
  2677 | D:4      | Found a hazy altar of Hepliaklqana.
  2720 | D:4      | Noticed a scorpion
  2724 | D:4      | Killed a scorpion
  2725 | D:4      | Reached skill level 5 in Earth Magic
  2725 | D:4      | Reached XP level 5. HP: 28/28 MP: 6/9
  2781 | D:4      | Learned a level 3 spell: Stone Arrow
  3046 | D:4      | Reached XP level 6. HP: 32/32 MP: 5/11
  3183 | D:4      | Noticed an ice beast
  3190 | D:4      | Killed an ice beast
  3925 | D:5      | Entered Level 5 of the Dungeon
  3928 | D:5      | Noticed Ijyb
  3935 | D:5      | Killed Ijyb
  4142 | D:5      | Reached skill level 6 in Earth Magic
  4168 | D:5      | Reached XP level 7. HP: 36/36 MP: 10/13
  4525 | D:5      | Reached skill level 5 in Conjurations
  5038 | D:6      | Reached skill level 7 in Earth Magic
  5068 | D:6      | Reached XP level 8. HP: 34/41 MP: 9/15
  5135 | D:6      | Reached skill level 5 in Spellcasting
  6219 | D:6      | Reached skill level 8 in Earth Magic
  6741 | D:6      | Found a staircase to the Ecumenical Temple.
  6876 | D:6      | Reached XP level 9. HP: 45/45 MP: 11/18
  7226 | Temple   | Entered the Ecumenical Temple
  7540 | Temple   | Became a worshipper of Vehumet
  7597 | D:7      | Noticed a gargoyle
  7932 | D:7      | Killed a gargoyle
  7933 | D:7      | Reached skill level 9 in Earth Magic
  8130 | D:7      | Noticed a green ugly thing
  8133 | D:7      | Killed a green ugly thing
  8231 | D:7      | Learned a level 3 spell: Swiftness
  8411 | D:7      | Reached skill level 10 in Earth Magic
  8543 | D:7      | Reached XP level 10. HP: 50/50 MP: 19/21
  8985 | D:8      | Noticed Joseph
  8990 | D:8      | Reached * piety under Vehumet
  8990 | D:8      | Offered knowledge of Shock by Vehumet.
  8992 | D:8      | Killed Joseph
  9001 | D:8      | Found a bloodstained altar of Trog.
  9217 | D:8      | Noticed Atlas's ghost (journeyman DjFE)
  9311 | D:8      | Noticed Maurice
  9320 | D:8      | Killed Maurice
  9321 | D:8      | Reached skill level 11 in Earth Magic
  9470 | D:8      | Identified a scroll of acquirement
  9470 | D:8      | Acquired the Grimoire of Flamy Confrontation
  9479 | D:8      | Learned a level 6 spell: Iron Shot
  9509 | D:8      | Found a runed translucent door.
  9514 | D:8      | Noticed Harold
  9521 | D:8      | Killed Harold
 10257 | D:8      | Killed Atlas's ghost
 10258 | D:8      | Reached skill level 10 in Conjurations
 10306 | D:9      | Noticed Maggie
 10309 | D:9      | Killed Maggie
 10312 | D:9      | Reached XP level 11. HP: 54/54 MP: 9/24
 10374 | D:8      | Reached skill level 12 in Earth Magic
 10697 | D:9      | Found Satam's Book Shop.
 10702 | D:9      | Noticed a boulder beetle
 10722 | D:9      | Killed a boulder beetle
 10745 | D:9      | Found a flagged portal.
 10755 | D:9      | Offered knowledge of Poisonous Vapours by Vehumet.
 10765 | Bailey   | Entered a bailey
 11095 | Bailey   | Reached ** piety under Vehumet
 11279 | Bailey   | Noticed an orc knight
 11407 | Bailey   | Killed an orc knight
 11567 | Bailey   | Identified the +13 crystal plate armour "Tuahos" {rC+ Will+
                  | Stlth-}
 11596 | Bailey   | Noticed an orc knight
 11600 | Bailey   | Killed an orc knight
 12218 | D:9      | Bought a Trismegistus Codex for 392 gold pieces
 12456 | D:9      | Reached skill level 10 in Spellcasting
 12456 | D:9      | Reached skill level 13 in Earth Magic
 12643 | D:9      | Noticed a two-headed ogre
 12646 | D:9      | Killed a two-headed ogre
 12727 | D:9      | Noticed Psyche
 12779 | D:9      | Killed Psyche
 12935 | D:9      | Noticed a centaur warrior
 12941 | D:9      | Shot with an arrow by a centaur warrior

Illustrated notes

Levels and vault maps discovered:
D:1:      eino_arrival_water_star, layout_rooms, minivault_11, fountainhead
D:2:      layout_basic, amcnicky_mini_corridor_feature, grunt_ministairs_5,
          minmay_misc_feat_plants
D:3:      layout_loops_ring, gammafunk_ghost_necromancy,
          kennysheep_big_empty_room
D:4:      layout_gridville, nicolae_hepliaklqana_monster_ancestors,
          nrook_loot_triangle
D:5:      layout_rooms, uniq_ijyb
D:6:      minmay_goblin_kobold_castle, layout_gridville,
          minmay_temple_entry_poolview
D:7:      layout_rooms, st_stairs_6
D:8:      layout_basic, hellmonk_ghost_happy_afterlife, minmay_ruined_shrine,
          uniq_harold, uniq_joseph, uniq_maurice
D:9:      nzn_winding_woodlands_large [nzn_winding_woodlands_5x5_closed_star,
          nzn_winding_woodlands_5x15_longhouse, nzn_winding_woodlands_5x5_three,
          nzn_winding_woodlands_center_triple_pond,
          nzn_winding_woodlands_15x15_five_gardens,
          nzn_winding_woodlands_center_garden, nzn_winding_woodlands_hourglass,
          nzn_winding_woodlands_5x15_eye, nzn_winding_woodlands_5x5_open_star],
          layout_basic, grunt_lair_entry_orc_guard_hut, serial_shops,
          nicolae_shop_window_shopping, enter_bailey_5, uniq_maggie, uniq_pikel,
          uniq_psyche
Temple:   roderic_octagonal_lattice_temple

Skill      XL: |  1  2  3  4  5  6  7  8  9 10 11 |
---------------+----------------------------------+-----
Conjurations   | 1 2 3 4 5 6 8 10 11 | 11.8
Earth Magic    | 4 5 6 7 8 10 11 13 | 13.3
Spellcasting   | 3 4 6 7 9 10 | 10.2
Dodging        | |  1.5
Stealth        | |  2.1
Transmutations | |  0.7

Action                   |  1- 3 |  4- 6 |  7- 9 | 10-12 || total
-------------------------+-------+-------+-------+-------++-------
Melee: Unarmed           |     3 |       |       |       ||     3
       Short sword       |    35 |       |       |       ||    35
       Staff             |     1 |       |       |     4 ||     5
       Dagger            |       |     5 |    17 |       ||    22
 Cast: Sandblast         |    52 |    82 |   111 |    43 ||   288
       Stone Arrow       |       |     6 |    54 |   105 ||   165
       Iron Shot         |       |       |       |    22 ||    22
       Swiftness         |       |       |       |     2 ||     2
  Use: Scroll            |       |       |       |    24 ||    24
       Potion            |       |       |       |     2 ||     2
Armor: Robe              |    25 |    19 |    34 |    17 ||    95
Dodge: Dodged            |    56 |    17 |    67 |    37 ||   177

Table legend: (Time is in decaauts)
 A = Elapsed time spent in this place.
 B = Non-inter-level travel time spent in this place.
 C = Inter-level travel time spent in this place.
 D = Time resting spent in this place.
 E = Time spent auto-exploring this place.
 F = Levels seen in this place.
 G = Mean time per level.
                   A        B        C        D        E       F      G
               +--------+--------+--------+--------+--------+-----+--------+
         Total |  12935 |  12430 |    505 |   3832 |   6734 |  11 | 1175.9 |
       Dungeon |  11431 |  10992 |    439 |   3293 |   6192 |   9 | 1270.1 |
        Temple |    335 |    269 |     66 |      0 |    246 |   1 |  335.0 |
        Bailey |   1168 |   1168 |      0 |    539 |    296 |   1 | 1168.0 |
               +--------+--------+--------+--------+--------+-----+--------+

Top non-repeatable levels by time:
     D:6: 2609 daAuts
     D:8: 1928 daAuts
     D:4: 1278 daAuts
  Bailey: 1168 daAuts
     D:5: 1054 daAuts
     D:2: 989 daAuts
     D:7: 962 daAuts
     D:9: 949 daAuts
     D:3: 925 daAuts
     D:1: 733 daAuts
  Temple: 335 daAuts
